 Dungeon Crawl Stone Soup version 0.23.0-28-g6fe0f4d (webtiles) character file.

Game seed: 6164940437074537790

380 doot the Magician (level 6, -1/32 HPs)
             Began as a Deep Elf Summoner on Feb 25, 2019.
             Was an Initiate of Kikubaaqudgha.
             Slain by a centaur (6 damage)
             ... on level 6 of the Dungeon.
             The game lasted 00:14:00 (5662 turns).

doot the Magician (Deep Elf Summoner)               Turns: 5662, Time: 00:14:01

Health: -1/32      AC:  4    Str:  5    XL:     6   Next: 46%
Magic:  2/17       EV: 13    Int: 22    God:    Kikubaaqudgha [......]
Gold:   214        SH:  0    Dex: 23    Spells: 4/18 levels left

rFire    . . .     SeeInvis .   t - +2 dagger (venom)
rCold    . . .     Gourm    .   (no shield)
rNeg     . . .     Faith    .   s - +2 robe of Riqupn {-Tele rCorr Dex+6}
rPois    .         Spirit   .   (no helmet)
rElec    .         Reflect  .   (no cloak)
rCorr    +         Harm     .   (no gloves)
MR       .....     NoTele   +   (no boots)
Stlth    +++.......             (no amulet)
HPRegen  0.10/turn              o - +2 ring of dexterity
MPRegen  0.15/turn              (no ring)

@: very slightly contaminated, heavily drained
A: no striking features
a: Renounce Religion


You were on level 6 of the Dungeon.
You worshipped Kikubaaqudgha.
Kikubaaqudgha was noncommittal.
You were hungry.

You visited 2 branches of the dungeon, and saw 7 of its levels.

You collected 214 gold pieces.

Inventory:

Hand Weapons
 b - a +0 dagger
 j - a +0 rapier
 t - a +2 dagger of venom (weapon)
Armour
 a - a +0 robe
 n - a +0 pair of gloves
 s - the +2 robe of Riqupn (worn) {-Tele rCorr Dex+6}
   (You found it on level 5 of the Dungeon)

   It affects your dexterity (+6).
   It prevents most forms of teleportation.
   It provides partial protection from all sources of acid and corrosion.
Jewellery
 o - a +2 ring of dexterity (left hand)
 r - an uncursed amulet of harm
Scrolls
 f - a scroll of fear {unknown}
 i - a scroll of enchant armour {unknown}
 q - 4 scrolls of remove curse
 u - a scroll of immolation {unknown}
Potions
 d - 2 potions of flight {unknown}
 e - a potion of might {unknown}
 g - a potion of mutation {unknown}
 h - 2 potions of heal wounds {unknown}
 k - 3 potions of degeneration {unknown}
 l - a potion of curing {unknown}
 m - 4 potions of lignification {unknown}
 p - a potion of magic {unknown}
Comestibles
 c - 3 rations


   Skills:
 + Level 0.3(0.0) Fighting
 + Level 1.0(0.0) Short Blades
 + Level 2.8(1.6) Dodging
 + Level 3.6(2.4) Stealth
 + Level 6.8(5.5) Spellcasting
 + Level 5.9(4.6) Summonings
 + Level 0.9(0.0) Ice Magic


You had 4 spell levels left.
You knew the following spells:

 Your Spells              Type           Power        Failure   Level  Hunger
a - Summon Small Mammal   Summ           ####         1%          1    None
b - Call Imp              Summ           ####....     2%          2    None
c - Call Canine Familiar  Summ           ####....     4%          3    ##.....
d - Summon Ice Beast      Ice/Summ       ###.....     36%         4    ####...
e - Summon Lightning Spi  Summ/Air       ###.....     36%         4    ####...

Your spell library contained the following spells:

 Spells                   Type           Power        Failure   Level  Hunger
 Summon Guardian Golem    Hex/Summ       ###.....     11%         3    ##.....
 Haunt                    Necr/Summ      ###.......   100%        7    #######
 Borgnjor's Revivificati  Necr           #.........   100%        8    #######
 Death's Door             Chrm/Necr      #.........   100%        8    #######
 Infestation              Necr           #.........   100%        8    #######
 Necromutation            Tmut/Necr      #.........   100%        8    #######


Dungeon Overview and Level Annotations

Branches:
Dungeon (6/15)             Temple (1/1) D:4

Altars:
Ashenzari
Cheibriados
Elyvilon
Fedhas
Hepliaklqana
Kikubaaqudgha
Makhleb
Qazlal
Ru
Trog
Uskayaw
Wu Jian
Zin
The Shining One

Annotations:
D:5 2 transporters, crawlian's ghost, novice BaMo


Message History

The centaur shoots an arrow.
The arrow closely misses you.
Casting: Summon Ice Beast (quite dangerous; 36% risk of failure)
Confirm with . or Enter, or press ? or * to list all spells.
You don't have enough magic to cast that spell.
Casting: Summon Ice Beast (quite dangerous; 36% risk of failure)
Confirm with . or Enter, or press ? or * to list all spells.
A beastly little devil appears in a puff of flame.
Your hound bites the centaur.
The centaur shoots an arrow.
The arrow barely misses your crimson imp.
The arrow hits you.
* * * LOW HITPOINT WARNING * * *
Your hound bites the centaur but does no damage.
You hit the centaur.
The centaur is severely wounded.
The centaur unwields a +0 shortbow.
The centaur misses you.
You barely miss the centaur.
The centaur is severely wounded.
The centaur hits you.
You die...
Kikubaaqudgha rasps: "You have failed me!
Welcome... death!"

.. #. #.. ...
#.## ...## #..#
.....##..#
.........#
...#....c##
.......(#@####
#....$.5h(...##
..#
.........<....#
..
.........#..(##
.#
.........#...#
.##
......#####..#
.. ..#..# ..# #
....# ### ...


You could see a centaur, a friendly hound and a friendly crimson imp.

Vanquished Creatures
  An ooze (D:2)
  A leopard gecko (D:5)
  An orc (D:3)
  4 giant cockroaches
  A hobgoblin (D:1)
  A jackal (D:3)
  A ball python (D:4)
  A bat (D:3)
  A frilled lizard (D:5)
12 creatures vanquished.

Vanquished Creatures (collateral kills)
  A necrophage (D:5)
  2 ogres
  A bullfrog zombie (D:5)
  2 hounds
  An orc priest (D:5)
  3 orc wizards
  An iguana (D:5)
  A worker ant (D:5)
  A hound skeleton (D:5)
  5 adders
  A howler monkey skeleton (D:5)
  An ooze (D:1)
  An adder zombie (D:5)
  A worm (D:2)
  3 dart slugs
  A leopard gecko (D:1)
  12 orcs
  A ball python (D:4)
  4 giant cockroaches
  5 goblins
  8 hobgoblins
  4 jackals
  A quokka (D:4)
  3 bats
  3 frilled lizards
  6 kobolds
  A quokka skeleton (D:4)
  7 rats
81 creatures vanquished.

Vanquished Creatures (others)
  An orc (D:5)
1 creature vanquished.

Grand Total: 94 creatures vanquished

Notes
Turn   | Place    | Note
-------+----------+-------------------------------------------
     0 | D:1      | doot the Deep Elf Summoner began the quest for the Orb.
     0 | D:1      | Reached XP level 1. HP: 10/10 MP: 6/6
   413 | D:2      | Reached XP level 2. HP: 11/15 MP: 4/8
   458 | D:2      | Learned a level 2 spell: Call Imp
   880 | D:2      | Found a hazy altar of Hepliaklqana.
  1057 | D:3      | Reached skill level 4 in Spellcasting
  1057 | D:3      | Reached XP level 3. HP: 11/19 MP: 2/10
  1154 | D:3      | Learned a level 3 spell: Call Canine Familiar
  1247 | D:3      | Reached skill level 5 in Summonings
  1290 | D:3      | Found an ornate altar of the Wu Jian Council.
  1659 | D:4      | Found a shattered altar of Ashenzari.
  1675 | D:4      | Reached skill level 5 in Spellcasting
  1675 | D:4      | Reached XP level 4. HP: 24/24 MP: 5/13
  1681 | D:4      | Learned a level 4 spell: Summon Ice Beast
  1768 | D:4      | Found a staircase to the Ecumenical Temple.
  1808 | Temple   | Entered the Ecumenical Temple
  3111 | D:4      | Found an ancient bone altar of Kikubaaqudgha.
  3122 | D:4      | Became a worshipper of Kikubaaqudgha
  3199 | D:4      | Noticed an ogre
  3213 | D:4      | Killed an ogre
  3213 | D:4      | Reached XP level 5. HP: 28/28 MP: 0/14
  3221 | D:4      | Learned a level 4 spell: Summon Lightning Spire
  3498 | D:4      | Found a stormy altar of Qazlal.
  3614 | D:5      | Entered Level 5 of the Dungeon
  3913 | D:5      | Noticed an ogre
  3926 | D:5      | Killed an ogre
  3926 | D:5      | Reached skill level 1 in Short Blades
  4034 | D:5      | Reached XP level 6. HP: 21/32 MP: 6/16
  4413 | D:5      | Reached skill level 6 in Spellcasting
  4468 | D:5      | Found a transporter.
  4468 | D:5      | Found a transporter.
  4468 | D:5      | Noticed crawlian's ghost (novice BaMo)
  4732 | D:5      | Got a warped robe
  4743 | D:5      | Identified the +2 robe of Riqupn {-Tele rCorr Dex+6} (You
                  | found it on level 5 of the Dungeon)
  5190 | D:6      | Noticed an orc warrior
  5195 | D:6      | HP: 1/32 [orc warrior/tomahawk (15)]
  5662 | D:6      | Slain by a centaur

Skill      XL: |  1  2  3  4  5  6 |
---------------+-------------------+-----
Spellcasting   | 4 5 6 |  6.8
Summonings     | 5 |  5.9
Stealth        | 3 |  3.6
Short Blades   | 1 |  1.0
Fighting       | |  0.3
Dodging        | |  2.8
Ice Magic      | |  0.9

Action                   |  1- 3 |  4- 6 || total
-------------------------+-------+-------++-------
Melee: Rapier            |    25 |    42 ||    67
       Dagger            |     1 |     4 ||     5
 Cast: Summon Small Mamm |    43 |     2 ||    45
       Call Imp          |    12 |     7 ||    19
       Call Canine Famil |     5 |    19 ||    24
       Summon Ice Beast  |       |    12 ||    12
  Use: Scroll            |       |     3 ||     3
 Stab: Sleeping          |     2 |     3 ||     5
  Eat: Chunk             |     3 |    11 ||    14
       Ration            |       |     1 ||     1
Armor: Robe              |    11 |     4 ||    15
Dodge: Dodged            |    43 |    45 ||    88
